 Dungeon Crawl Stone Soup version 0.25.1-2-g60ff931df9 (webtiles) character file.

Game seed: 14498907924499981669

82 HawFromDerth the Sneak (level 4, -3/23 HPs)
             Began as a Spriggan Assassin on Sept 20, 2020.
             Killed by nerve-wracking pain
             ... invoked by an orc priest
              (7 damage)
             ... on level 3 of the Dungeon.
             The game lasted 00:05:38 (1837 turns).

HawFromDerth the Sneak (Spriggan Assassin)          Turns: 1837, Time: 00:05:39

Health: -3/23      AC:  3    Str:  7    XL:     4   Next: 21%
Magic:  5/5        EV: 17    Int: 12    God:
Gold:   89         SH:  0    Dex: 18    Spells: 3/3 levels left

rFire    . . .     SeeInvis +   a - +2 dagger
rCold    . . .     Gourm    .   (shield restricted)
rNeg     . . .     Faith    .   b - +0 robe
rPois    .         Spirit   .   (helmet restricted)
rElec    .         Reflect  .   c - +0 cloak
rCorr    .         Harm     .   (gloves unavailable)
MR       .....                  (boots unavailable)
Stlth    ++++......             (no amulet)
HPRegen  0.07/turn              (no ring)
MPRegen  0.09/turn              (no ring)

@: very quick
A: very small, unfitting armour, horns 1, see invisible, herbivore, speed 3,
slow metabolism 2
a: no special abilities


You were on level 3 of the Dungeon.
You were not hungry.

You visited 1 branch of the dungeon, and saw 3 of its levels.

You collected 89 gold pieces.

Inventory:

Hand Weapons
 a - a +2 dagger (weapon)
Armour
 b - a +0 robe (worn)
 c - a +0 cloak (worn)
Scrolls
 g - a scroll of identify
Potions
 k - a potion of stabbing
Comestibles
 f - 5 rations


   Skills:
 + Level 1.8 Fighting
 + Level 2.7 Short Blades
 + Level 2.2 Throwing
 + Level 1.8 Dodging
 * Level 7.9 Stealth


You had 3 spell levels left.
You didn't know any spells.
Your spell library was empty.

Dungeon Overview and Level Annotations

Branches:
Dungeon (3/15)

Altars:

Annotations:
D:3 Natasha


Innate Abilities, Weirdness & Mutations

You are very small and have problems with some larger weapons.
You are too small for most types of armour.
You have supernaturally acute eyesight. (SInv)
You are a herbivore.
You cover ground extremely quickly.
You need to consume almost no food.
You have a pair of small horns on your head.


Message History

An orc priest comes into view.
Firing (i - inventory) No suitable missiles.
Press: ? - help, Shift-Dir - straight line, f - orc priest
Aim: an orc priest
Okay, then.
The orc priest begins to cast a cantrip, but forgets the words!
You hit the orc priest.
The orc priest is moderately wounded.
The orc priest hits you.
You hit the orc priest.
The orc priest is heavily wounded.
The orc priest calls down the wrath of Beogh upon you.
Beogh smites you!
Ouch! That really hurt!
* * * LOW HITPOINT WARNING * * *
You barely miss the orc priest.
The orc priest is heavily wounded.
The orc priest invokes the aid of Beogh against you.
Pain shoots through your body!
You die...

##...#############h........#
#.......##....h.......######
#.......##.##.#####.###.##
#.####.###...†# #.###.# ..
#.# ####.# #.)...# . #.# #.#
#.######## #.# #.#####.#
#h.. #.# #.......# ... ..
###@..### ..# #(o.# ..#
#.()# ..###.#
#####...######.......
..............oh(((.(..
.................#.##..
................>#
######.........###
#.#8.....8#


You could see an orc priest.

Vanquished Creatures
  2 adders (D:2)
  An ooze (D:2)
  A worm (D:3)
  2 dart slugs
  A leopard gecko (D:3)
  2 orcs (D:3)
  2 bats (D:1)
  3 giant cockroaches
  6 goblins
  4 hobgoblins
  2 quokkas
  4 ball pythons
  4 frilled lizards
  9 kobolds
  6 rats
49 creatures vanquished.

Notes
Turn   | Place    | Note
-------+----------+-------------------------------------------
     0 | D:1      | HawFromDerth the Spriggan Assassin began the quest for the
                  | Orb.
     0 | D:1      | Reached XP level 1. HP: 10/10 MP: 2/2
    80 | D:1      | Reached skill level 6 in Stealth
   365 | D:1      | Reached XP level 2. HP: 8/15 MP: 3/3
   522 | D:1      | Gained mutation: You have a pair of small horns on your
                  | head. [potion of mutation]
  1094 | D:2      | Reached skill level 7 in Stealth
  1264 | D:2      | Reached XP level 3. HP: 17/18 MP: 4/4
  1558 | D:2      | Reached XP level 4. HP: 23/23 MP: 5/5
  1734 | D:3      | Noticed Natasha
  1837 | D:3      | Killed from afar by an orc priest

Illustrated notes

Levels and vault maps discovered:
D:1:      nagdon_arrival_double_spiral, layout_rooms
D:2:      layout_rooms
D:3:      kennysheep_the_goblin_king, layout_loops_cross, uniq_natasha

Skill      XL: |  1  2 |
---------------+-------+-----
Stealth        | 6 7 |  7.9
Fighting       | |  1.8
Short Blades   | |  2.7
Throwing       | |  2.2
Dodging        | |  1.8

Action                   |  1- 3 |  4- 6 || total
-------------------------+-------+-------++-------
Melee: Dagger            |    81 |    24 ||   105
       Headbutt          |     6 |     2 ||     8
Throw: Dart              |    17 |    15 ||    32
  Use: Potion            |     6 |       ||     6
       Scroll            |     5 |     1 ||     6
 Stab: Sleeping          |    15 |     3 ||    18
Armor: Robe              |     3 |     2 ||     5
Dodge: Dodged            |    46 |    12 ||    58
